 Dungeon Crawl Stone Soup version 0.29.1-15-g9cfb28693d (webtiles) character file.

Game seed: 5026555340996538491

128 growler the Ruffian (level 4, -6/35 HPs)
             Began as a Draconian Transmuter on Mar 4, 2023.
             Shot with a sling bullet by a gnoll bouda (14 damage)
             ... on level 3 of the Dungeon.
             The game lasted 00:05:03 (2462 turns).

growler the Ruffian (Draconian Transmuter)          Turns: 2462, Time: 00:05:04

Health: -6/35      AC:  2    Str: 13    XL:     4   Next: 87%
Magic:  1/8        EV: 19    Int: 15    God:
Gold:   85         SH:  0    Dex: 16    Spells: 3/9 levels left

rFire   . . .      SeeInvis .     - Unarmed
rCold   . . .      Faith    .   (shield currently unavailable)
rNeg    . . .      Spirit   .   (body armour unavailable)
rPois   x          Reflect  .   (helmet currently unavailable)
rElec   .          Harm     .   (cloak currently unavailable)
rCorr   .          Rampage  .   (gloves currently unavailable)
Will    .....                   (boots currently unavailable)
Stlth   +.........              (no amulet)
HPRegen 0.11/turn               (no ring)
MPRegen 0.11/turn               (no ring)

@: spider-form (expiring), wereblooded
A: venomous fangs, AC +5, tiny, unfitting armour, (cold-blooded)
a: End Transformation


You were on level 3 of the Dungeon.
You were a venomous arachnid creature.
You visited 1 branch of the dungeon, and saw 3 of its levels.

You collected 85 gold pieces.

Inventory:

Scrolls
 b - 3 scrolls of teleportation {unknown}
 c - 4 scrolls of identify {unknown}
 d - 4 scrolls of immolation {unknown}
 f - 2 scrolls of acquirement {unknown}
 i - a scroll of poison {unknown}
 j - a scroll of enchant weapon {unknown}
Potions
 a - a potion of lignification
 e - 2 potions of cancellation {unknown}
 g - a potion of curing {unknown}
 h - a potion of heal wounds {unknown}


   Skills:
 - Level 1.1 Fighting
 - Level 1.7 Dodging
 + Level 4.2 Unarmed Combat
 - Level 3.0 Spellcasting
 + Level 3.3 Transmutations


You had 3 spell levels left.
You knew the following spells:

 Your Spells              Type           Power      Damage    Failure   Level
a - Beastly Appendage     Tmut           24%        N/A       14%         1
b - Wereblood             Tmut           12%        N/A       21%         2
c - Spider Form           Tmut/Pois      7%         N/A       52%         3

Your spell library contained the following spells:

 Spells                   Type           Power      Damage    Failure   Level
 Apportation              Tloc           4%         N/A       41%         1
 Ice Form                 Ice/Tmut       7%         N/A       86%         4
 Alistair's Intoxication  Tmut/Pois      4%         N/A       99%         5


Dungeon Overview and Level Annotations

Branches:
Dungeon (3/15)

Altars:
The Shining One


Innate Abilities, Weirdness & Mutations

You are a venomous arachnid creature.
You have poisonous fangs.
You are tiny and dextrous.
Your spellcasting is less reliable in this form.
Your armour is entirely melded.
You are incapable of wielding weapons or throwing items.
((Your plain brown scales are hard. (AC +5)))
You cannot fit into any form of body armour.
((You are cold-blooded and may be slowed by cold attacks.))


Message History

2 gnolls come into view.
The gnoll shouts!
You hear a shout!
A gnoll bouda comes into view. It is wielding a +0 sling.
The gnoll moves out of view.
Casting: Beastly Appendage (safe; 4% risk of failure)
Confirm with . or Enter, or press ? or * to list all spells.
Your blood is infused with primal strength.
The gnoll bouda shoots a sling bullet.
The sling bullet hits you.
Casting: Wereblood (safe; 8% risk of failure)
Confirm with . or Enter, or press ? or * to list all spells.
The spell is quite dangerous to miscast (30% risk of failure)!
Continue anyway?
Uppercase [Y]es or [N]o only, please.
The spell is quite dangerous to miscast (30% risk of failure)!
Continue anyway?
You miscast Spider Form.
You are very lightly contaminated with residual magic.
Nothing appears to happen.
The gnoll bouda barks out a call to the hunt!
The gnoll picks up the pace!
Casting: Spider Form (quite dangerous; 30% risk of failure)
Confirm with . or Enter, or press ? or * to list all spells.
The spell is quite dangerous to miscast (30% risk of failure)!
Continue anyway?
You turn into a venomous arachnid creature.
The gnoll closely misses you. The gnoll misses you.
The gnoll hits you with a +0 spear.
You barely miss the gnoll.
The gnoll hits you from afar with a +0 spear!
The gnoll hits you with a +0 spear!
You hit the gnoll.
The gnoll is poisoned.
The gnoll is moderately wounded.
The gnoll hits you from afar with a +0 spear.
* * * LOW HITPOINT WARNING * * *
The gnoll completely misses you.
Really quaff the potion of lignification?
Okay, then.
The gnoll closely misses you.
Your magical contamination has completely faded away.
Your transformation is almost over.
You kill the gnoll!
The gnoll bouda shoots a sling bullet.
The sling bullet hits you!
You die...

...............###
.........#....#
.g)... ####.### #g##
#...### #.# ###....
#.# ####. #.#
#......## ## #.#
#........## #
#s##..........#
#.##..........# #
##.##..........####
#..##..............
###.###.........†###.
#...............†....
#...............##...
#................#...
#................#...


You could see a gnoll bouda and a gnoll (swift).

Vanquished Creatures
  A crimson imp (D:3)
  3 adders (D:2)
  2 gnolls (D:3)
  A worm (D:2)
  4 orcs (D:3)
  4 ball pythons
  3 bats
  6 endoplasms
  A giant cockroach (D:3)
  2 goblins (D:2)
  5 hobgoblins
  3 jackals (D:1)
  2 quokkas
  A goblin zombie (D:3)
  A hobgoblin zombie (D:3)
  4 kobolds
  2 kobold zombies (D:3)
  An orc zombie (D:3)
  A rat (D:1)
47 creatures vanquished.

Notes
Turn   | Place    | Note
-------+----------+-------------------------------------------
     0 | D:1      | growler the Draconian Transmuter began the quest for the
                  | Orb.
     0 | D:1      | Reached XP level 1. HP: 16/16 MP: 3/3
   635 | D:1      | Reached XP level 2. HP: 22/23 MP: 5/5
   717 | D:1      | Learned a level 2 spell: Wereblood
  1388 | D:2      | Reached XP level 3. HP: 27/28 MP: 4/6
  1451 | D:2      | Learned a level 3 spell: Spider Form
  2130 | D:3      | Reached XP level 4. HP: 26/35 MP: 1/8
  2206 | D:3      | Found a glowing golden altar of the Shining One.
  2230 | D:3      | Reached skill level 4 in Unarmed Combat
  2462 | D:3      | Shot with a sling bullet by a gnoll bouda

Illustrated notes

Levels and vault maps discovered:
D:1:      nicolae_arrival_washed_ashore, layout_basic
D:2:      layout_loops_ring, minmay_misc_feat_secret_circle,
          kennysheep_big_empty_room, columned_hall_lemuel
D:3:      layout_rooms, overflow_temple_1_default, nicolae_tso_besieged_by_evil

Skill      XL: |  1  2  3  4 |
---------------+-------------+-----
Transmutations | 3 |  3.3
Unarmed Combat | 4 |  4.2
Spellcasting   | 3 |  3.0
Fighting       | |  1.1
Dodging        | |  1.7

Action                   |  1- 3 |  4- 6 || total
-------------------------+-------+-------++-------
Melee: Unarmed           |   118 |    47 ||   165
       Tailslap          |    19 |     7 ||    26
       Kick              |     5 |     5 ||    10
       Punch             |     4 |     1 ||     5
       Headbutt          |     1 |     3 ||     4
 Cast: Beastly Appendage |     4 |     2 ||     6
       Wereblood         |     2 |     3 ||     5
       Spider Form       |     1 |     1 ||     2
Armor: Skin              |    41 |    11 ||    52
Dodge: Dodged            |    94 |    24 ||   118
